Map: Acid Plant LE

Players

Clem

  • Race: Terran Terran
  • Spawn Location: 11:00

Silky - Winner!

  • Race: Zerg Zerg
  • Spawn Location: 5:00

Event: WCS Montreal 2018

VOD

Have the link to the VOD?

Description

Time

  • Played on: Sept. 7, 2018, 1:11 p.m.
  • Length: 17:01

All games in this series

Show
View Real Time Build Order
Export as new Build Order

Clem Terran 

Build Orders: Reaper Expand, Hellion Banshee, MMM Bio 

Get SALT Encoding   

  12  0:01  SCV  
  13  0:14  SCV  
  14  0:19  Supply Depot  
  14  0:26  SCV  
  15  0:40  SCV  
  15  0:41  Barracks  
  16  0:45  Refinery  
  16  0:52  SCV  
  17  1:04  SCV  
  18  1:16  SCV  
  19  1:29  Reaper  
  19  1:30  Orbital Command  
  20  1:39  Command Center  
  20  1:50  Supply Depot  
  20  1:51  Supply Depot  
  20  1:55  SCV  
  20  2:01  Marine  
  22  2:05  Factory  
  22  2:09  SCV  
  22  2:12  Refinery  
  23  2:21  SCV  
  24  2:23  Barracks Reactor  
  24  2:33  SCV  
  25  2:45  SCV  
  25  2:50  Starport  
  26  2:52  Orbital Command  
  26  2:57  SCV  
  27  3:03  Hellion x2  
  31  3:09  SCV  
  31  3:10  Barracks Tech Lab  
  31  3:12  Supply Depot  
  32  3:19  SCV  
  33  3:21  SCV  
  33  3:25  Hellion x2  
  38  3:31  SCV  
  38  3:35  Cloaking Field  
  38  3:36  Banshee  
  38  3:39  SCV  
  42  3:42  Supply Depot  
  42  3:44  SCV  
  43  3:50  Hellion x2  
  43  3:51  Barracks Tech Lab  
  48  3:55  SCV  
  48  3:56  SCV  
  49  4:07  SCV  
  49  4:09  SCV  
  50  4:15  Stimpack  
  49  4:18  Command Center  
  49  4:21  Factory Reactor  
  49  4:23  Banshee  
  52  4:28  Supply Depot  
  52  4:30  SCV  
  53  4:32  Marine  
  53  4:34  SCV  
  55  4:42  SCV  
  55  4:44  Barracks  
  56  4:50  SCV  
  56  4:51  Barracks  
  57  4:55  Marine  
  57  4:58  SCV  
  59  5:02  SCV  
  60  5:10  SCV  
  51  5:14  SCV  
  51  5:17  Engineering Bay x2  
  51  5:18  Starport Reactor, Marine  
  51  5:22  SCV  
  51  5:23  Refinery x2  
  51  5:26  SCV  
  51  5:28  Siege Tank  
  56  5:34  SCV  
  56  5:35  Orbital Command, Marine  
  57  5:36  Marine  
  57  5:38  SCV  
  57  5:41  Marine  
  61  5:45  Terran Infantry Armor Level 1, Barracks  
  61  5:47  Barracks  
  61  5:50  Terran Infantry Weapons Level 1  
  61  5:52  Marine x2  
  61  5:53  Marine  
  61  5:54  Marine  
  61  5:55  SCV  
  61  5:56  SCV  
  67  6:02  Orbital Command  
  65  6:05  Marine  
  65  6:06  Medivac x2  
  65  6:08  SCV  
  65  6:09  Factory Tech Lab  
  65  6:10  SCV, Marine x2  
  70  6:11  Marine  
  70  6:15  Armory  
  71  6:18  Marine  
  71  6:20  SCV  
  71  6:22  SCV  
  71  6:23  Supply Depot  
  74  6:25  Marine  
  74  6:28  Marine  
  74  6:29  SCV  
  74  6:32  SCV  
  78  6:33  Supply Depot, Marine  
  78  6:34  Combat Shield, SCV, Barracks Reactor  
  78  6:35  Barracks Reactor  
  80  6:40  Medivac  
  80  6:42  SCV, Marine x2  
  80  6:46  Marine  
  86  6:49  SCV, Marine  
  86  6:51  Marine  
  89  6:55  SCV x2  
  89  6:56  Supply Depot  
  89  6:57  Supply Depot  
  89  7:00  Marine x2  
  89  7:01  Supply Depot  
  93  7:05  Marine  
  94  7:13  SCV x2, Marine x5  
  89  7:15  Siege Tank  
  89  7:16  SCV  
  89  7:17  Medivac  
  89  7:18  Medivac  
  89  7:19  Marine x2  
  89  7:20  Marine  
  100  7:27  Supply Depot  
  100  7:28  Supply Depot  
  100  7:33  Marine x2  
  100  7:34  SCV x2  
  100  7:37  Supply Depot, SCV  
  103  7:41  Supply Depot, Marine  
  105  7:45  Terran Infantry Weapons Level 2  
  105  7:46  SCV  
  105  7:49  Terran Infantry Armor Level 2  
  104  7:51  Marine, Terran Vehicle Weapons Level 1  
  104  7:52  Marine x2  
  104  7:53  SCV  
  104  7:54  SCV  
  104  7:57  Marine  
  104  7:58  SCV  
  111  7:59  Marine  
  111  8:03  Marine x4  
  116  8:06  SCV  
  116  8:08  Siege Tank  
  116  8:09  SCV, Marine x2  
  121  8:16  Marine x2  
  121  8:17  Marine  
  124  8:21  Marine x3  
  124  8:22  Marauder  
  122  8:27  Barracks  
  122  8:28  Refinery  
  122  8:29  Barracks  
  122  8:31  Barracks  
  121  8:35  Marine  
  121  8:36  Medivac x2  
  126  8:43  Marauder, Marine x2  
  130  8:51  Marine  
  130  8:52  Command Center  
  130  8:53  Marine x4  
  135  8:56  Siege Tank  
  125  9:05  Marine x4  
  125  9:06  Medivac x2  
  125  9:09  Marine  
  131  9:11  Marine x2  
  131  9:14  Marine x2  
  121  9:23  Marauder, Barracks Tech Lab, Marine x3  
  125  9:24  Barracks Tech Lab  
  125  9:27  Refinery  
  125  9:30  Marine x3, Barracks Reactor  
  127  9:32  Marine x2  
  127  9:34  Siege Tank  
  127  9:36  Medivac  
  133  9:39  Medivac  
  133  9:40  Marine  
  133  9:41  Marine x2  
  133  9:45  Marauder  
  139  9:48  Marine x2  
  139  9:49  Marine x2  
  139  9:52  Concussive Shells, Marine x3  
  144  9:54  Supply Depot x2  
  144  9:58  Marine x2  
  146  10:02  Marine  
  146  10:05  Marine x2  
  146  10:06  Marauder, Terran Infantry Armor Level 3, Medivac  
  150  10:09  Medivac  
  150  10:12  SCV x3  
  150  10:13  Marine  
  156  10:14  Marine  
  157  10:23  Terran Infantry Weapons Level 3  
  157  10:24  SCV x2  
  159  10:33  Marine  
  159  10:34  Marauder  
  162  10:35  Marine  
  162  10:36  Marauder, Marine x5  
  162  10:40  Marauder, Marine  
  168  10:44  Marine  
  165  10:52  Supply Depot  
  165  10:54  Supply Depot  
  165  10:57  Supply Depot  
  165  11:00  Supply Depot, Bunker  
  165  11:04  Liberator  
  165  11:06  Supply Depot  
  165  11:07  Sensor Tower  
  165  11:10  Planetary Fortress  
  165  11:16  Marauder, SCV x3  
  166  11:22  Marauder, Marine  
  152  11:28  Marauder, Marine  
  152  11:29  Marine  
  152  11:30  SCV  
  152  11:31  SCV  
  154  11:35  Siege Tank  
  154  11:37  Marauder  
  159  11:41  SCV  
  159  11:42  SCV  
  159  11:44  Marauder, Marine  
  163  11:49  Liberator  
  162  11:55  Marine x2  
  162  11:56  Marauder  
  162  11:59  Marauder  
  158  12:02  Medivac  
  158  12:08  Siege Tank  
  165  12:09  Marauder, Marine x4  
  171  12:21  Command Center  
  171  12:23  Marauder  
  171  12:25  Marine  
  174  12:33  Supply Depot  
  174  12:34  SCV x4  
  174  12:35  Marauder  
  180  12:40  Medivac  
  180  12:42  Siege Tank  
  185  12:47  Marine  
  185  12:48  Marauder  
  165  12:58  Marine, Liberator  
  147  13:01  Medivac  
  147  13:02  Marine x2  
  147  13:03  Marauder, Marine  
  155  13:14  Liberator  
  155  13:18  Siege Tank  
  161  13:22  Marine x2  
  161  13:25  Orbital Command  
  163  13:31  Marauder, Marine x4  
  163  13:32  Marine  
  169  13:35  Marine  
  169  13:37  Marine  
  169  13:39  Marine x2  
  169  13:40  Marine  
  170  13:42  Marine  
  170  13:45  Liberator  
  166  13:54  Supply Depot  
  165  13:59  Marauder, SCV, Marine  
  169  14:03  Supply Depot  
  169  14:04  Supply Depot  
  169  14:08  Liberator  
  172  14:10  Sensor Tower  
  172  14:15  Marine x3  
  172  14:16  Marauder  
  140  14:25  Siege Tank  
  140  14:26  Marine  
  140  14:27  Marine  
  140  14:30  Marine  
  120  14:31  Marine  
  120  14:34  Marine x2  
  120  14:35  Marine  
  120  14:37  Marine  
  125  14:43  Marauder, Marine x3  
  125  14:44  Marine  
  131  14:56  Marine  
  131  14:57  Siege Tank, Marine x4  
  133  15:07  Marauder, Medivac  
  133  15:12  Marine  
  133  15:13  Marauder, Marine  
  138  15:15  Marine  
  138  15:18  SCV  
  140  15:21  SCV  
  140  15:22  SCV  
  140  15:29  Siege Tank  
  140  15:31  SCV  
  140  15:34  Medivac  
  140  15:35  Marauder, Marine  
  142  15:37  Marine  
  139  15:45  Marauder  
  139  15:48  Marine  
  139  15:49  Marauder  
  136  15:53  Marine x3  
  136  15:55  Marine  
  136  15:56  Liberator  
  142  15:57  Marauder  
  142  15:59  Medivac  
  142  16:02  Siege Tank, Marine x2  
  144  16:08  Sensor Tower  
  144  16:10  Marine  
  145  16:16  Marine x5  
  150  16:24  Marauder, Marine  
  153  16:32  Supply Depot  
  156  16:35  Marauder  
  156  16:38  Marauder  
Show
View Real Time Build Order
Export as new Build Order

Silky Zerg - Winner!

Build Orders: Hatch First 

Get SALT Encoding   

  12  0:00  Drone  
  13  0:13  Overlord  
  13  0:16  Drone  
  14  0:31  Drone x2  
  16  0:48  Hatchery  
  15  0:51  Drone  
  15  0:55  Drone  
  17  0:58  Drone  
  18  1:08  Extractor  
  17  1:13  Spawning Pool  
  17  1:16  Drone  
  17  1:20  Drone  
  18  1:28  Drone  
  20  1:40  Drone  
  20  1:49  Overlord  
  20  2:00  Zergling x2, Queen x2  
  20  2:01  Zergling x2  
  26  2:11  Metabolic Boost, Drone x2  
  28  2:31  Hatchery  
  28  2:32  Drone  
  28  2:38  Drone x2  
  30  2:47  Queen  
  30  2:50  Overlord  
  32  2:53  Drone  
  32  2:58  Drone x2  
  35  3:05  Overlord  
  35  3:06  Drone  
  35  3:10  Drone x2  
  38  3:22  Drone x4  
  42  3:29  Queen  
  42  3:30  Overlord  
  42  3:34  Overlord  
  44  3:43  Drone x2  
  44  3:44  Queen  
  44  3:47  Zergling x4  
  50  3:51  Zergling x6  
  50  3:54  Drone  
  54  3:57  Lair  
  54  3:59  Drone  
  55  4:03  Drone  
  55  4:09  Baneling Nest  
  55  4:12  Drone x2  
  55  4:13  Extractor, Drone x2  
  55  4:14  Extractor  
  55  4:17  Queen  
  55  4:19  Drone  
  55  4:20  Drone  
  59  4:24  Spore Crawler  
  59  4:26  Spore Crawler  
  59  4:27  Zergling x2  
  58  4:31  Drone x2  
  58  4:32  Drone  
  61  4:40  Drone x4  
  61  4:42  Overlord  
  65  4:50  Zergling x10  
  70  4:54  Overseer  
  65  5:07  Drone  
  65  5:08  Drone x2  
  65  5:10  Drone x2  
  65  5:11  Drone x2  
  65  5:14  Centrifical Hooks  
  67  5:16  Drone  
  67  5:17  Drone x2  
  69  5:27  Drone x3  
  72  5:30  Drone x2  
  72  5:32  Evolution Chamber  
  72  5:35  Hatchery  
  72  5:36  Evolution Chamber  
  72  5:37  Zergling x6  
  72  5:42  Drone  
  75  5:45  Spore Crawler, Drone x3  
  75  5:48  Extractor, Drone x2  
  75  5:49  Extractor  
  77  5:51  Zergling x4  
  77  5:55  Overlord  
  77  5:56  Overlord  
  79  6:06  Drone x3  
  79  6:07  Overlord  
  82  6:12  Zerg Ground Armor Level 1, Zerg Melee Weapons Level 1  
  82  6:13  Overlord  
  82  6:16  Drone x3  
  82  6:18  Overlord  
  85  6:19  Drone x2  
  85  6:22  Baneling x2  
  85  6:23  Baneling  
  87  6:30  Hatchery  
  87  6:32  Zergling x6  
  89  6:39  Zergling x10  
  94  6:41  Zergling x2  
  94  6:46  Baneling x5  
  95  6:49  Drone  
  95  6:50  Zergling x8  
  95  6:51  Hydralisk Den  
  95  6:54  Drone x3  
  101  6:58  Overlord  
  101  7:00  Zergling x2  
  101  7:01  Zergling x8  
  103  7:14  Zergling x12  
  99  7:19  Drone  
  100  7:23  Muscular Augments  
  100  7:24  Drone  
  100  7:26  Zergling x4  
  100  7:27  Infestation Pit, Zergling x8  
  106  7:34  Drone  
  106  7:35  Drone x3  
  106  7:37  Queen  
  110  7:40  Hydralisk x3  
  110  7:42  Baneling  
  110  7:43  Baneling x4  
  117  7:45  Hydralisk x2  
  123  7:53  Drone x3  
  123  7:54  Zergling x8, Drone x2  
  123  7:55  Zergling x4  
  134  8:01  Baneling x3, Hydralisk x3  
  134  8:05  Queen  
  140  8:06  Zergling x4, Hive  
  140  8:14  Zergling x2  
  140  8:15  Overlord  
  138  8:24  Overlord  
  136  8:32  Zergling x2  
  136  8:33  Zergling x10  
  141  8:34  Grooved Spines  
  141  8:38  Overlord, Hydralisk  
  141  8:39  Hydralisk x3  
  148  8:41  Overlord  
  148  8:46  Overlord, Drone  
  148  8:48  Extractor, Drone  
  148  8:49  Spore Crawler, Extractor, Drone x3  
  148  8:50  Spore Crawler x2  
  148  8:51  Spore Crawler, Hatchery, Zergling x6  
  148  8:53  Baneling x5  
  148  8:54  Baneling  
  149  9:02  Zergling x12  
  141  9:03  Zergling x6  
  139  9:16  Zergling x26  
  143  9:19  Baneling  
  143  9:20  Baneling x5  
  143  9:22  Zergling x2  
  143  9:23  Zergling x8  
  148  9:26  Viper x2  
  148  9:30  Ultralisk Cavern  
  153  9:32  Drone x3  
  153  9:33  Drone x3  
  158  9:40  Zerg Ground Armor Level 2, Zerg Melee Weapons Level 2  
  157  9:57  Overseer  
  154  10:04  Overlord x2  
  148  10:08  Hydralisk x3  
  148  10:09  Hydralisk x2  
  158  10:18  Ultralisk x3  
  158  10:19  Chitinous Plating  
  176  10:23  Zergling x20  
  185  10:28  Zergling x2  
  185  10:29  Zergling x12  
  185  10:33  Baneling x9  
  185  10:34  Zergling x2  
  185  10:35  Zergling x2  
  190  10:39  Zergling x10  
  191  10:44  Zergling x12  
  194  10:50  Zergling x4  
  196  11:02  Overlord x3  
  196  11:08  Overlord, Spire  
  176  11:30  Zergling x24, Ultralisk  
  178  11:42  Zergling x26  
  178  11:43  Zergling x6  
  178  11:45  Zergling x2  
  178  11:46  Zergling x14  
  199  11:53  Infestor x2  
  197  11:58  Zerg Ground Armor Level 3  
  197  12:00  Zerg Melee Weapons Level 3  
  183  12:02  Unknown  
  183  12:03  Zergling x2, Ultralisk x2  
  183  12:04  Zergling x12  
  196  12:11  Baneling x2  
  196  12:12  Baneling x10  
  196  12:14  Queen  
  198  12:17  Overseer  
  198  12:19  Baneling x5  
  194  12:24  Zergling x12  
  197  12:30  Zergling x2  
  197  12:31  Zergling x2  
  161  12:52  Zergling x24, Ultralisk x3  
  161  12:57  Zergling x12  
  184  13:03  Zergling x2  
  184  13:04  Zergling x12  
  188  13:07  Adrenal Glands  
  188  13:13  Baneling x2  
  188  13:15  Zergling x8  
  188  13:16  Zergling x4  
  188  13:19  Zergling x2  
  195  13:33  Zergling x2  
  195  13:34  Zergling x8  
  196  13:35  Overlord x2  
  183  13:50  Infestor  
  183  13:51  Infestor  
  183  13:53  Zergling x2  
  183  13:54  Zergling x2  
  186  13:56  Baneling x16  
  186  13:57  Baneling x12  
  186  14:00  Drone x4  
  186  14:01  Extractor x2, Drone x2  
  190  14:03  Queen x2  
  194  14:23  Hatchery  
  159  14:26  Zergling x2  
  159  14:27  Zergling x34  
  158  14:37  Baneling x2  
  155  14:39  Ultralisk x3  
  155  14:42  Zergling x10  
  173  14:55  Zergling x2  
  173  14:56  Zergling x12  
  174  15:09  Zergling x12  
  174  15:10  Zergling x2  
  174  15:13  Ultralisk x2  
  187  15:18  Zergling x6  
  190  15:23  Baneling  
  190  15:24  Baneling x18  
  187  15:38  Zergling x18  
  187  15:39  Zergling x2  
  174  15:50  Spore Crawler  
  174  15:52  Zergling x2  
  174  15:53  Zergling x14  
  179  15:58  Drone x3  
  182  16:07  Viper  
  182  16:09  Drone x2  
  182  16:10  Drone x2  
  187  16:17  Drone x4  
  187  16:18  Drone x4  
  190  16:24  Baneling x2  
  190  16:25  Baneling x14  
  188  16:31  Zergling x4  
  188  16:32  Zergling x12  
Tags
 
Add a new tag
Caveats
  • Supply blocks, unpowered buildings, or Contaminate may cause inaccurate times.
  • Supply counts are checked every 10 seconds.